 Dungeon Crawl Stone Soup version 0.32-a0-994-gabb26cbae4 (webtiles) character file.

Game seed: 7617213256464916601

18 GeoRichter the Firebug (level 2, 5/20 HPs)
             Began as a Draconian Fire Elementalist on Apr 22, 2024.
             Quit the game on level 1 of the Dungeon.
             The game lasted 00:01:27 (1003 turns).

GeoRichter the Firebug (DrFE)                       Turns: 1003, Time: 00:01:28

Health: 5/20       AC:  5    Str: 10    XL:     2   Next: 51%
Magic:  1/5        EV: 11    Int: 15    God:
Gold:   57         SH:  0    Dex: 11    Spells: 4/5 levels left

rFire   . . .        f - +2 short sword (protect)
rCold   . . .        (no shield)
rNeg    . . .        (body armour unavailable)
rPois   .            (helmet restricted)
rElec   .            e - +0 cloak
rCorr   .            (no gloves)
SInv    .            (no boots)
Will    .....        (no amulet)
Stlth   ++           (no ring)
HPRegen 0.23/turn    (no ring)
MPRegen 0.09/turn

%: no passive effects
@: lethally poisoned (5 -> -10)
A: AC +4, unfitting armour, cold-blooded
a: no special abilities


You were on level 1 of the Dungeon.
You visited 1 branch of the dungeon, and saw 2 of its levels.

You collected 57 gold pieces.

Inventory:

Hand Weapons
 f - a +2 short sword of protection (weapon)
   (You took it off a kobold on level 1 of the Dungeon)
Armour
 e - a +0 cloak (worn)
   (You found it on level 1 of the Dungeon)
Magical Staves
 d - a staff of air
   (You found it on level 1 of the Dungeon)
Jewellery
 c - an amulet of faith {!P}
   (You found it on level 1 of the Dungeon)
Potions
 a - a potion of magic
 g - a potion of haste {@q3}
 h - a potion of lignification {!q}
 i - a potion of mutation {!q}


   Skills:
 - Level 1.7 Dodging
 - Level 1.7 Stealth
 + Level 2.3 Spellcasting
 - Level 1.0 Conjurations
 * Level 3.6 Fire Magic


You had 4 spell levels left.
You knew the following spells:

 Your Spells              Type           Power      Damage    Failure   Level
a - Foxfire               Conj/Fire      32%        2x1d5     9%          1

Your spell library contained the following spells:

 Spells                   Type           Power      Damage    Failure   Level
 Scorch                   Fire           24%        2d6       8%          2
 Inner Flame              Hex/Fire       7%         N/A       30%         3
 Volatile Blastmotes      Fire/Tloc      14%        2d11      30%         3
 Flame Wave               Conj/Fire      8%         2d5       63%         4


Dungeon Overview and Level Annotations

Branches:
Dungeon (2/15) Zot: 10976

Altars:

Annotations:
D:2 Jessica


Innate Abilities, Weirdness & Mutations

Your plain brown scales are hard. (AC +4)
You cannot fit into any form of body armour.
You are cold-blooded and may be slowed by cold attacks.


Message History

As you read the scroll of identify {@r1}, it crumbles to dust.
g - a potion of haste
As you read the scroll of identify {@r1}, it crumbles to dust.
i - a potion of mutation You climb downwards.
The hobgoblin shouts! x2
Found a buckler and 10 gold pieces.
Found a stone staircase leading down.
There is a stone staircase leading up here.
You conjure some foxfire!
The kobold throws a stone.
The stone barely misses you.
You conjure some foxfire!
The foxfire hits the hobgoblin.
The hobgoblin is lightly wounded.
The foxfire hits the hobgoblin but does no damage.
The hobgoblin is lightly wounded.
Jessica the Apprentice Sorceress comes into view.
She is wielding a +0 dagger.
You conjure some foxfire!
The foxfire hits the hobgoblin.
The hobgoblin is severely wounded.
The foxfire hits the hobgoblin but does no damage.
The hobgoblin is severely wounded.
Jessica points at you and mumbles some strange words.
Pain shoots through your body!
You are too injured to fight recklessly!
You are too injured to fight recklessly!
Unknown command.
The foxfire hits the hobgoblin but does no damage.
The foxfire hits the hobgoblin.
You kill the hobgoblin!
The hobgoblin hits you. The kobold hits you but does no damage.
You climb upwards.
There is a stone staircase leading down here.
You are too injured to fight recklessly!
Casting: Foxfire (safe; 9% risk of failure)
Press: ? - help, Q - select action Dir - look around, f - activate You conjure some foxfire!
The hobgoblin barely misses you.
The kobold hits you with a +1 short sword of venom.
You are poisoned.
You barely miss the kobold.
You feel sick.
The foxfire hits the kobold.
The kobold is moderately wounded.
The foxfire hits the kobold but does no damage.
The kobold is moderately wounded.
The kobold hits you with a +1 short sword of venom.
* * * LOW HITPOINT WARNING * * *
You are more poisoned.
The hobgoblin hits you but does no damage.
Okay, then.
Saving game... please wait.
Welcome back, GeoRichter the Draconian Fire Elementalist.
Press ? for a list of commands and other information.
Are you sure you want to abandon this character and quit the game? (Confirm with "yes".)

#..........## #.##
#..........####.#
#.........).....#
####.######)##### #.#
####.######### ######
#.###............# #....#
#.....##########.# #.##.#
######..## #.#
#.##.#####.....K@# #.#
#.##........#.#g## #.##
#.#####..♣♣.♣.♣.♣♣## #).#
#####♣♣.♣~~♣♣♣~♣~♣~♣♣♣# ##.#
#...~♣P♣~~~~~~~~~~♣~♣~♣♣# #.#
..♣~~~~~P~~P~≈≈~P~~~P~~~♣####.#
.#♣♣~P♣~P♣~≈≈≈≈≈≈~~P~~~~~~~##.#
.~♣~~~~♣~P≈≈≈≈≈≈≈≈≈~~~~~~~~♣#.#
.~P~~~~~≈≈≈≈≈≈≈≈≈≈≈≈~~~P~P~♣♣.#


You could see a hobgoblin and a kobold.

Vanquished Creatures
  A dart slug (D:1)
  2 endoplasms (D:1)
  4 hobgoblins
  A quokka (D:1)
  A ball python (D:1)
  A bat (D:1)
  2 frilled lizards (D:1)
  3 kobolds (D:1)
  2 rats (D:1)
17 creatures vanquished.

Vanquished Creatures (collateral kills)
  A foxfire (D:1)
1 creature vanquished.

Vanquished Creatures (others)
  37 foxfires
37 creatures vanquished.

Grand Total: 55 creatures vanquished

Notes
Turn   | Place    | Note
-------+----------+-------------------------------------------
     0 | D:1      | GeoRichter the Draconian Fire Elementalist began the quest
                  | for the Orb.
     0 | D:1      | Reached XP level 1. HP: 14/14 MP: 3/3
   489 | D:1      | Reached XP level 2. HP: 20/20 MP: 1/5
   997 | D:2      | Noticed Jessica
  1003 | D:1      | Quit the game

Illustrated notes

Levels and vault maps discovered:
D:1:      nicolae_arrival_somewhat_less_tricky_arrival, layout_basic,
          serial_bayou_lake_a
D:2:      layout_loops_ring, uniq_jessica

Action                     || total
---------------------------++-------
  Melee: Short sword       ||     4
         Staff             ||     1
   Cast: Foxfire           ||    22
    Use: Scroll            ||     3
   Stab: Sleeping          ||     1
 Armour: Skin              ||     8
  Dodge: Dodged            ||     5

Table legend: (Time is in decaauts)
 A = Elapsed time spent in this place.
 B = Non-inter-level travel time spent in this place.
 C = Inter-level travel time spent in this place.
 D = Time resting spent in this place.
 E = Time spent auto-exploring this place.
 F = Levels seen in this place.
 G = Mean time per level.
                   A        B        C        D        E       F      G
               +--------+--------+--------+--------+--------+-----+--------+
         Total |   1024 |   1009 |     15 |     51 |    839 |   2 |  512.0 |
       Dungeon |   1024 |   1009 |     15 |     51 |    839 |   2 |  512.0 |
               +--------+--------+--------+--------+--------+-----+--------+

Top non-repeatable levels by time:
     D:1: 1019 daAuts
     D:2: 4 daAuts
